 Dungeon Crawl Stone Soup version 0.31-a0-564-g3b7de120b3 (webtiles) character file.

Game seed: 11098123681212630684

18 Rohain the Magician (level 2, -1/21 HPs)
             Began as a Djinni Fire Elementalist on Aug 17, 2023.
             Slain by an adder (3 damage)
             ... on level 2 of the Dungeon.
             The game lasted 00:01:45 (1186 turns).

Rohain the Magician (Djinni Fire Elementalist)      Turns: 1186, Time: 00:01:45

Health: -1/21      AC:  3    Str:  7    XL:     2   Next: 85%
Gold:   87         EV: 12    Int: 16    God:
                   SH:  0    Dex: 13

rFire   + + .        (no weapon)
rCold   x . .        d - orb {light}
rNeg    . . .        a - +1 robe
rPois   ∞            (no helmet)
rElec   .            (no cloak)
rCorr   .            (no gloves)
SInv    .            (boots unavailable)
Will    .....        (no amulet)
Stlth   +            (no ring)
HPRegen 0.23/turn    (no ring)
MPRegen 0.00/turn

%: infuse magic (-2 HP)
@: brilliant, on berserk cooldown, flying, slowed, glowing, very slow
A: sickness immunity, fire resistance 2, cold vulnerability 1, float, innate
caster, HP casting, extra vitality 1
a: no special abilities


You were on level 2 of the Dungeon.
You visited 1 branch of the dungeon, and saw 2 of its levels.

You collected 87 gold pieces.

Inventory:

Armour
 a - a +1 robe (worn)
 d - an orb of light (worn)


   Skills:
 + Level 2.6 Dodging
 - Level 1.5 Stealth
 * Level 3.3 Spellcasting
 * Level 3.3 Conjurations
 * Level 3.3 Hexes
   Level 0.0 Charms
 * Level 3.3 Summonings
 * Level 3.3 Necromancy
 * Level 3.3 Translocations
 * Level 3.3 Transmutations
 * Level 3.3 Fire Magic
 * Level 3.3 Ice Magic
 * Level 3.3 Air Magic
 * Level 3.3 Earth Magic
 * Level 3.3 Poison Magic


You knew the following spells:

 Your Spells              Type           Power      Damage    Failure   Level
a - Foxfire               Conj/Fire      76%        2x1d7     4%          1
b - Scorch                Fire           38%        2d6       7%          2
c - Volatile Blastmotes   Fire/Tloc      38%        2d13      14%         3
d - Inner Flame           Hex/Fire       19%        N/A       14%         3
e - Flame Wave            Conj/Fire      19%        2d7       43%         4
Your spell library was empty.

Dungeon Overview and Level Annotations

Branches:
Dungeon (2/15)

Altars:


Innate Abilities, Weirdness & Mutations

You are immune to sickness and miasma.
You are immune to poison.
Your flesh is very heat resistant. (rF++)
You are vulnerable to cold. (rC-)
You float through the air rather than walking.
You learn spells naturally, not from books.
Your magical power is your life essence.
You have superior vitality. (+4 MHP)


Message History

The adder is no longer more vulnerable to fire.
You feel your anger nearly subside.
You are no longer berserk.
You are exhausted.
You feel yourself slow down. The hound barely misses you.
The adder barely misses you. The hound bites you. The hound barely misses you.
The adder closely misses you. The hound bites you.
* * * LOW HITPOINT WARNING * * *
The adder closely misses you. The hound closely misses you.
The hound attacks as you move away! The hound barely misses you.
The adder bites you.
* * * LOW HITPOINT WARNING * * *
The hound pauses to sniff the ground.
It was a potion of brilliance.
You feel clever all of a sudden. The adder bites you.
* * * LOW HITPOINT WARNING * * *
The adder barely misses you.
You aren't carrying any scrolls.
The adder barely misses you.
Sorry, you're not good enough to have a special ability.
The adder attacks as you move away! The adder barely misses you.
The adder closely misses you. The adder attacks as you move away!
The adder completely misses you.
A kobold comes into view.
It is wielding a +0 short sword of venom.
The kobold shouts!
The adder misses you.
The hound pauses to sniff the ground.
The adder attacks as you move away! The adder barely misses you.
The adder attacks as you move away! The adder closely misses you. x2
The kobold hits you with a +0 short sword of venom.
* * * LOW HITPOINT WARNING * * *
The adder bites you but does no damage.
The kobold hits you with a +0 short sword of venom.
* * * LOW HITPOINT WARNING * * *
The kobold closely misses you. The adder barely misses you.
The kobold closely misses you. The adder attacks as you move away!
The adder bites you.
You die...

.#####..).............^.#
.......†)#..............#
########.#.......<......#
#.#####.#.#.##.........#
#......[#.#....#######..
#.#######.....>........
#.#####################
#.#...S.......#
##########.##..S@.#
...........##..K..#
........#####..h..#
.......g.g..gg....#
##############....#
#.#### #.# . #.. S. #..


You could see a hound, 2 adders, 2 goblins and a kobold.

Vanquished Creatures
  3 ball pythons
  3 endoplasms
  A goblin (D:2)
  2 hobgoblins (D:1)
  A frilled lizard (D:1)
  4 kobolds
  3 rats
17 creatures vanquished.

Vanquished Creatures (others)
  68 foxfires
68 creatures vanquished.

Grand Total: 85 creatures vanquished

Notes
Turn   | Place    | Note
-------+----------+-------------------------------------------
     0 | D:1      | Rohain the Djinni Fire Elementalist began the quest for the
                  | Orb.
     0 | D:1      | Rohain set off with the following spells memorised:
                  | Foxfire, Scorch, Volatile Blastmotes, Inner Flame, Flame
                  | Wave.
     0 | D:1      | Reached XP level 1. HP: 15/15 MP: 0/0
   148 | D:1      | Reached XP level 2. HP: 18/21 MP: 0/0
  1184 | D:2      | HP: 1/21 [kobold/+0 short sword of venom (2)]
  1186 | D:2      | Slain by an adder

Illustrated notes

Levels and vault maps discovered:
D:1:      grunt_arrival_crossed_arrows, layout_basic
D:2:      cheibrodos_helix_gallery, layout_basic

Skill      XL: | |
---------------+-+-----
Spellcasting   | |  3.3
Conjurations   | |  3.3
Hexes          | |  3.3
Summonings     | |  3.3
Necromancy     | |  3.3
Translocations | |  3.3
Transmutations | |  3.3
Fire Magic     | |  3.3
Ice Magic      | |  3.3
Air Magic      | |  3.3
Earth Magic    | |  3.3
Poison Magic   | |  3.3
Dodging        | |  2.6
Stealth        | |  1.5

Action                     || total
---------------------------++-------
   Cast: Foxfire           ||    46
         Scorch            ||     1
    Use: Scroll            ||     2
         Potion            ||     2
 Armour: Robe              ||     3
  Dodge: Dodged            ||    31

Table legend: (Time is in decaauts)
 A = Elapsed time spent in this place.
 B = Non-inter-level travel time spent in this place.
 C = Inter-level travel time spent in this place.
 D = Time resting spent in this place.
 E = Time spent auto-exploring this place.
 F = Levels seen in this place.
 G = Mean time per level.
                   A        B        C        D        E       F      G
               +--------+--------+--------+--------+--------+-----+--------+
         Total |   1190 |   1170 |     20 |      0 |    967 |   2 |  595.0 |
       Dungeon |   1190 |   1170 |     20 |      0 |    967 |   2 |  595.0 |
               +--------+--------+--------+--------+--------+-----+--------+

Top non-repeatable levels by time:
     D:1: 1053 daAuts
     D:2: 137 daAuts
